 Dungeon Crawl Stone Soup version 0.24-a0-48-g0ecae65 (webtiles) character file.

Game seed: 340778846704217523

512 Pinky the Caller (level 7, -7/40 HPs)
             Began as a Tengu Summoner on Feb 3, 2019.
             Killed from afar by Dowan (13 damage)
             ... with a stone arrow
             ... on level 4 of the Dungeon.
             The game lasted 00:14:51 (5783 turns).

Pinky the Caller (Tengu Summoner)                   Turns: 5783, Time: 00:14:52

Health: -7/40      AC:  6    Str: 11    XL:     7   Next: 19%
Magic:  1/13       EV: 11    Int: 15    God:
Gold:   155        SH:  0    Dex: 14    Spells: 3/13 levels left

rFire    . . .     SeeInvis .   s - +0 trident
rCold    . . .     Gourm    .   (no shield)
rNeg     . . .     Faith    .   o - +0 ring mail (curse)
rPois    .         Spirit   .   (helmet restricted)
rElec    .         Reflect  .   g - +0 cloak
rCorr    .         Harm     .   (no gloves)
MR       .....                  (boots unavailable)
Stlth    +.........             (no amulet)
HPRegen  0.13/turn              (no ring)
MPRegen  0.13/turn              (no ring)

@: very slightly contaminated
A: beak, talons 3, able to fly
a: Fly


You were on level 4 of the Dungeon.
You were very hungry.

You visited 1 branch of the dungeon, and saw 4 of its levels.

You collected 155 gold pieces.

Inventory:

Hand Weapons
 e - a +0 club
 n - a +0 spear
 s - a +0 trident (weapon)
 w - a +1 dagger of draining
Missiles
 q - a throwing net (quivered)
 v - 2 tomahawks
Armour
 a - a +0 robe
 g - a +0 cloak (worn)
 o - a cursed +0 ring mail (worn)
Wands
 x - a wand of enslavement (5)
Scrolls
 d - 6 scrolls of identify {unknown}
 f - 2 scrolls of enchant armour {unknown}
 h - a scroll of fog {unknown}
 i - 2 scrolls of immolation {unknown}
 j - 2 scrolls of remove curse {unknown}
 m - a scroll of magic mapping {unknown}
 p - a scroll of teleportation {unknown}
Potions
 b - a potion of invisibility {unknown}
 k - 2 potions of curing {unknown}
 l - a potion of lignification {unknown}
 t - 2 potions of heal wounds
 u - 2 potions of brilliance {unknown}
Comestibles
 c - 7 rations


   Skills:
 + Level 2.0 Fighting
 + Level 2.1 Polearms
 * Level 3.2 Armour
 - Level 2.7 Dodging
 - Level 2.0 Stealth
 + Level 3.9 Spellcasting
 + Level 6.8 Summonings
 * Level 0.7 Air Magic


You had 3 spell levels left.
You knew the following spells:

 Your Spells              Type           Power        Failure   Level  Hunger
a - Summon Small Mammal   Summ           ###.         2%          1    None
b - Call Imp              Summ           ###.....     3%          2    ##.....
c - Call Canine Familiar  Summ           ###.....     8%          3    ###....
d - Summon Lightning Spi  Summ/Air       ##......     65%         4    ####...

Your spell library contained the following spells:

 Spells                   Type           Power        Failure   Level  Hunger
 Summon Guardian Golem    Hex/Summ       ##......     30%         3    ###....
 Summon Ice Beast         Ice/Summ       ##......     71%         4    ####...


Dungeon Overview and Level Annotations

Branches:
Dungeon (4/15)
 Temple: D:4-7

Altars:
Dithmenos
Gozag
Yredelemnul

Annotations:
D:4 Dowan


Innate Abilities, Weirdness & Mutations

You have a beak for a mouth.
You have claws for feet.
You can fly continuously.


Message History

Dowan casts a spell at you. The stone arrow hits your hound!
Your hound dies!
Your hound's corpse disappears in a puff of smoke!
Your crimson imp hits Dowan.
Your crimson imp hits Dowan but does no damage.
Your crimson imp disappears in a puff of smoke!
Your iron imp barely misses Dowan.
Attack whom?
Press: ? - help, Dir - move target cursor, f/p - Dowan
Aim: Dowan, wielding a +0 dagger and wearing a cursed +0 robe (heavily wounded, fast)
You reach to attack!
You closely miss Dowan.
Dowan is heavily wounded.
Your crimson imp blinks!
Dowan hits you but does no damage.
You closely miss Dowan.
Dowan is heavily wounded.
Dowan casts a spell at you. The stone arrow hits you!
You die...

.# #♣≈≈≈.≈≈≈≈....# #####.. .#
#≈≈≈P.P≈≈≈.## ### #≈≈≈≈.≈♣♣#.#
##♣≈≈.≈♣ #.###### ### #≈≈≈.P♣
#....<.# #.#### ##♣≈≈.≈♣≈#..#####
#..... #PP≈≈.≈≈♣#..####
######.#### ♣♣≈≈≈.≈≈♣♣.....#
#.##..## ♣≈≈≈.≈P♣≈#@##.###.##).#
≈♣♣ ♣♣≈≈≈.≈≈♣≈#e##......(..# ###
≈≈≈♣♣♣≈P≈P.≈♣≈##5#########.####..
≈≈≈≈≈≈≈≈≈≈.≈≈.§5.# #.............
≈≈≈≈≈≈≈≈≈≈.♣.5#5.###.#...........
.........)...##..................
≈≈≈≈≈≈≈≈≈≈...###.###.##≈≈P....P≈P
PP≈≈≈≈≈≈≈≈P≈.....# #.##≈≈≈≈≈.P≈≈≈
≈≈≈≈≈≈≈≈P≈PP###### #.##≈≈≈PP≈≈≈≈≈


You could see Dowan, a friendly iron imp and 2 friendly crimson imps.

Vanquished Creatures
  An ice beast (D:4)
  A worker ant (D:4)
  3 adders
  A gnoll (D:3)
  An adder skeleton (D:4)
  7 dart slugs
  4 leopard geckos
  5 orcs
  11 bats
  4 giant cockroaches (D:1)
  5 goblins
  13 hobgoblins
  4 jackals (D:4)
  5 kobolds
  A quokka (D:3)
  A ball python (D:2)
  A ball python skeleton (D:4)
  A frilled lizard (D:2)
  A leopard gecko skeleton (D:4)
  7 rats
77 creatures vanquished.

Vanquished Creatures (collateral kills)
  Duvessa (D:4)
  A phantom (D:4)
  2 ogres
  An iguana (D:4)
  5 gnolls
  2 adders (D:4)
  2 orcs (D:4)
  A quokka (D:4)
  A goblin (D:2)
16 creatures vanquished.

Grand Total: 93 creatures vanquished

Notes
Turn   | Place    | Note
-------+----------+-------------------------------------------
     0 | D:1      | Pinky the Tengu Summoner began the quest for the Orb.
     0 | D:1      | Reached XP level 1. HP: 10/10 MP: 4/4
    22 | D:1      | Reached skill level 5 in Summonings
   375 | D:1      | Reached XP level 2. HP: 6/15 MP: 1/6
   379 | D:1      | Learned a level 2 spell: Call Imp
  1112 | D:1      | Reached XP level 3. HP: 19/19 MP: 7/7
  1614 | D:1      | Learned a level 3 spell: Call Canine Familiar
  2039 | D:2      | Reached XP level 4. HP: 6/24 MP: 0/8
  2636 | D:2      | Noticed an ogre
  2642 | D:2      | Killed an ogre
  2642 | D:2      | Reached skill level 1 in Fighting
  2642 | D:2      | Reached skill level 1 in Armour
  2642 | D:2      | Reached skill level 6 in Summonings
  2642 | D:2      | Gained mutation: You can fly continuously. [Tengu growth]
  2642 | D:2      | Reached XP level 5. HP: 29/29 MP: 2/10
  2698 | D:2      | Found a basalt altar of Yredelemnul.
  3157 | D:3      | Found an opulent altar of Gozag.
  4819 | D:4      | Reached XP level 6. HP: 34/34 MP: 7/11
  4923 | D:4      | Noticed a phantom
  4996 | D:4      | Killed a phantom
  5360 | D:4      | Found a shadowy altar of Dithmenos.
  5360 | D:4      | Noticed an ice beast
  5421 | D:4      | Killed an ice beast
  5421 | D:4      | Reached skill level 1 in Polearms
  5734 | D:4      | Reached XP level 7. HP: 35/39 MP: 4/13
  5737 | D:4      | Noticed Dowan
  5738 | D:4      | Noticed Duvessa
  5740 | D:4      | Learned a level 4 spell: Summon Lightning Spire
  5758 | D:4      | Killed Duvessa
  5783 | D:4      | Killed from afar by Dowan

Vault maps used:
D:1:      mushboom_english_gardens
D:2:      lemuel_coloured_pillars_altar, serial_bayou, serial_bayou_shore_b,
          serial_bayou_pond_a, serial_bayou_shore_b
D:3:      grunt_gozag_statues, grunt_ministairs_11
D:4:      nicolae_ru_the_path_less_chosen, serial_bayou, serial_bayou_lagoon_b,
          serial_bayou_pond_a, serial_bayou_shore_a, serial_bayou_pond_d,
          nicolae_dithmenos_through_a_glass_darkly, uniq_duvessa, uniq_sigmund

Skill      XL: |  1  2  3  4  5  6  7 |
---------------+----------------------+-----
Summonings     | 5 6 |  6.8
Fighting       | 1 2 |  2.0
Armour         | 1 2 3 |  3.2
Spellcasting   | 3 |  3.9
Polearms       | 1 2 |  2.1
Dodging        | |  2.7
Stealth        | |  2.0
Air Magic      | |  0.7

Action                   |  1- 3 |  4- 6 |  7- 9 || total
-------------------------+-------+-------+-------++-------
Melee: Unarmed           |    12 |       |       ||    12
       Club              |    96 |   119 |       ||   215
       Kick              |    26 |    40 |     2 ||    68
       Peck              |    15 |    20 |     1 ||    36
       Trident           |       |    96 |    12 ||   108
 Cast: Summon Small Mamm |     5 |       |       ||     5
       Call Imp          |     6 |    15 |     4 ||    25
       Call Canine Famil |       |    12 |       ||    12
  Use: Potion            |       |     1 |       ||     1
 Stab: Sleeping          |     4 |     7 |       ||    11
       Distracted        |     1 |     1 |       ||     2
  Eat: Chunk             |     4 |    10 |       ||    14
       Ration            |       |     1 |       ||     1
Armor: Robe              |    38 |    11 |       ||    49
       Ring mail         |       |    57 |     1 ||    58
Dodge: Dodged            |    96 |   130 |    12 ||   238

Table legend:
 A = Non-vault XP
 B = Vault XP
 C = Vault XP percentage of total XP
 D = Non-vault monster count
 E = Vault monster count
 F = Vault count percentage of total count
                 A         B        C        D         E       F
            +---------+---------+-------+---------+---------+-------
      Total |     642 |      90 |  12.3 |      90 |       3 |   3.2
            +---------+---------+-------+---------+---------+-------
        D:1 |      69 |       0 |   0.0 |      28 |       0 |   0.0
        D:2 |     103 |       0 |   0.0 |      21 |       0 |   0.0
        D:3 |      55 |       3 |   5.2 |      15 |       2 |  11.8
        D:4 |     415 |      87 |  17.3 |      26 |       1 |   3.7
            +---------+---------+-------+---------+---------+-------
